| TOP OF THE 1ST |
|
Stockton Ports batting - Pitching for Stockton Mariners : RHP Larry Ferst
|
|
Pitching: RHP Larry Ferst
|
|
|
Batting: RHB Ramon Valdez
|
0-0: Ball 1-0: Called Strike 1-1: Ball 2-1: SINGLE (Groundball, 4MS, EV 72.5 MPH) (infield hit)
|
|
Batting: RHB Pasquale Raimondo
|
0-0: Ball 1-0: Called Strike 1-1: Called Strike 1-2: 2-RUN HOME RUN (Flyball, 7LD, EV 98.1 MPH), Distance : 354 ft
|
|
Batting: LHB Christopher O'Brien
|
0-0: Ball 1-0: Ball 2-0: Foul Ball, location: 2F 2-1: Foul Ball, location: 2F 2-2: Foul Ball, location: 2F 2-2: Ball 3-2: Foul Ball, location: 2F 3-2: Foul Ball, location: 2F 3-2: Base on Balls
|
|
Batting: SHB Tracy Edwards
|
0-0: Ball 1-0: Ball 2-0: Ball 3-0: Called Strike 3-1: Called Strike 3-2: Foul Ball, location: 2F 3-2: Foul Ball, location: 2F 3-2: Foul Ball, location: 2F 3-2: Base on Balls Christopher O'Brien to second
|
|
Batting: RHB Chris Sabo
|
0-0: Called Strike 0-1: Ball 1-1: Foul Ball, location: 2F 1-2: SINGLE (Line Drive, 89S, EV 93.8 MPH) Christopher O'Brien to third Tracy Edwards to second Runner from 3rd tries for Home, SAFE, throw by RF to home
|
|
Batting: SHB Jose Mercado
|
0-0: Fly out, F8 (Line Drive, 8RM, EV 97.5 MPH)
|
|
Batting: SHB Mike Hennessy
|
0-0: Foul Ball, location: 2F 0-1: Ground out 3-1 (Groundball, 13, EV 89.4 MPH) Tracy Edwards to third Chris Sabo to second
|
|
Batting: LHB Daniel Hoskins
|
0-0: Ball 1-0: SINGLE (Groundball, 3S, EV 76.9 MPH) (infield hit) Tracy Edwards scores Chris Sabo to third
|
|
Batting: RHB Timothy Presko
|
0-0: Fly out, F9 (Flyball, 9D, EV 91.9 MPH)
|
| Top of the 1st over - 4 runs, 4 hits, 0 errors, 2 left on base; Stockton 4 - Stockton 0 |
| BOTTOM OF THE 1ST |
|
Stockton Mariners batting - Pitching for Stockton Ports : RHP Greg Garcia
|
|
Pitching: RHP Greg Garcia
|
|
|
Batting: LHB Ricky Nelson
|
0-0: Foul Ball, location: 2F 0-1: Called Strike 0-2: Strikes out swinging
|
|
Batting: LHB Harold Perkins
|
0-0: Called Strike 0-1: Ground out 2-3 (Groundball, 13S, EV 70.0 MPH)
|
|
Batting: SHB Eddie Tanner
|
0-0: Foul Ball, location: 2F 0-1: Fly out, F7 (Flyball, 7LD, EV 99.4 MPH)
|
| Bottom of the 1st over - 0 runs, 0 hits, 0 errors, 0 left on base; Stockton 4 - Stockton 0 |
| TOP OF THE 2ND |
|
Stockton Ports batting - Pitching for Stockton Mariners : RHP Larry Ferst
|
|
Batting: RHB Ramon Valdez
|
0-0: Called Strike 0-1: Ball 1-1: Ball 2-1: Fly out, F9 (Flyball, 9D, EV 85.6 MPH)
|
|
Batting: RHB Pasquale Raimondo
|
0-0: Called Strike 0-1: Fly out, F8 (Flyball, 8LD, EV 93.1 MPH)
|
|
Batting: LHB Christopher O'Brien
|
0-0: Ball 1-0: Called Strike 1-1: Ball 2-1: Ball 3-1: Called Strike 3-2: Foul Ball, location: 2F 3-2: TRIPLE (Line Drive, 7D, EV 103.8 MPH)
|
|
Batting: SHB Tracy Edwards
|
0-0: Ball 1-0: Called Strike 1-1: SINGLE (Groundball, 34D, EV 110.0 MPH) (infield hit) Christopher O'Brien scores
|
|
Batting: RHB Chris Sabo
|
0-0: Ball 1-0: Foul Ball, location: 2F 1-1: DOUBLE (Line Drive, 7LM, EV 96.3 MPH) Tracy Edwards to third Runner from 3rd tries for Home, SAFE, throw by LF to home
|
|
Pitching: RHP Steve Green
|
|
|
Batting: SHB Jose Mercado
|
0-0: Ball 1-0: Foul Ball, location: 2F 1-1: Foul Ball, location: 2F 1-2: Fly out, F8 (Line Drive, 8LM, EV 90.6 MPH)
|
| Top of the 2nd over - 2 runs, 3 hits, 0 errors, 1 left on base; Stockton 6 - Stockton 0 |
| BOTTOM OF THE 2ND |
|
Stockton Mariners batting - Pitching for Stockton Ports : RHP Greg Garcia
|
|
Batting: LHB David Cawthon
|
0-0: Ball 1-0: Ball 2-0: Fly out, F8 (Line Drive, 8RD, EV 91.3 MPH)
|
|
Batting: LHB Joe Perna
|
0-0: Ball 1-0: Called Strike 1-1: Ball 2-1: Called Strike 2-2: Fly out, F7 (Line Drive, 7, EV 93.1 MPH)
|
|
Batting: LHB Marty Pevey
|
0-0: Ball 1-0: Ball 2-0: Ground out 4-3 (Groundball, 4, EV 93.8 MPH)
|
| Bottom of the 2nd over - 0 runs, 0 hits, 0 errors, 0 left on base; Stockton 6 - Stockton 0 |
| TOP OF THE 3RD |
|
Stockton Ports batting - Pitching for Stockton Mariners : RHP Steve Green
|
|
Batting: SHB Mike Hennessy
|
0-0: SINGLE (Line Drive, 78S, EV 109.4 MPH)
|
|
Batting: LHB Daniel Hoskins
|
0-0: Fly out, F3 (Popup, 3SF, EV 78.8 MPH)
|
|
Batting: RHB Timothy Presko
|
0-0: Ball 1-0: Ball 2-0: Ball 3-0: Base on Balls Mike Hennessy to second
|
|
Batting: RHB Ramon Valdez
|
0-0: Ball 1-0: Ball 2-0: Ball 3-0: Base on Balls Mike Hennessy to third Timothy Presko to second
|
|
Batting: RHB Pasquale Raimondo
|
0-0: Fly out, F7 (Flyball, 7LS, EV 81.9 MPH)
|
|
Batting: LHB Christopher O'Brien
|
0-0: Called Strike 0-1: DOUBLE (Line Drive, 9LD, EV 110.6 MPH) Mike Hennessy scores Timothy Presko scores Ramon Valdez to third Runner from 3rd tries for Home, SAFE, throw by RF to home
|
|
Batting: SHB Tracy Edwards
|
0-0: Called Strike 0-1: Ball 1-1: Swinging Strike 1-2: Ball 2-2: Foul Ball, location: 2F 2-2: Foul Ball, location: 2F 2-2: Strikes out looking
|
| Top of the 3rd over - 3 runs, 2 hits, 0 errors, 1 left on base; Stockton 9 - Stockton 0 |
| BOTTOM OF THE 3RD |
|
Stockton Mariners batting - Pitching for Stockton Ports : RHP Greg Garcia
|
|
Batting: LHB Victor Gavidia
|
0-0: Ball 1-0: Foul Ball, location: 2F 1-1: Ground out U3 (Groundball, 34S, EV 90.6 MPH)
|
|
Batting: RHB Frederick Lagergren
|
0-0: Called Strike 0-1: SINGLE (Groundball, 56D, EV 104.4 MPH) (infield hit)
|
|
Batting: RHB Brian Greer
|
0-0: Fly out, F4 (Popup, 34S, EV 79.4 MPH)
|
|
Batting: LHB Ricky Nelson
|
0-0: Ball 1-0: Ball 2-0: Fly out, F7 (Flyball, 78M, EV 93.8 MPH)
|
| Bottom of the 3rd over - 0 runs, 1 hit, 0 errors, 1 left on base; Stockton 9 - Stockton 0 |
| TOP OF THE 4TH |
|
Stockton Ports batting - Pitching for Stockton Mariners : RHP Steve Green
|
|
Batting: RHB Chris Sabo
|
0-0: Swinging Strike 0-1: Swinging Strike 0-2: Strikes out swinging
|
|
Batting: SHB Jose Mercado
|
0-0: Called Strike 0-1: Ball 1-1: Ball 2-1: Ball 3-1: Fly out, F8 (Line Drive, 8RM, EV 108.1 MPH)
|
|
Batting: SHB Mike Hennessy
|
0-0: Called Strike 0-1: Ball 1-1: Ground out 6-3 (Groundball, 6MD, EV 93.1 MPH)
|
| Top of the 4th over - 0 runs, 0 hits, 0 errors, 0 left on base; Stockton 9 - Stockton 0 |
| BOTTOM OF THE 4TH |
|
Stockton Mariners batting - Pitching for Stockton Ports : RHP Greg Garcia
|
|
Batting: LHB Harold Perkins
|
0-0: Ball 1-0: Fly out, F7 (Line Drive, 7, EV 92.5 MPH)
|
|
Batting: SHB Eddie Tanner
|
0-0: Called Strike 0-1: Ball 1-1: Ball 2-1: Foul Ball, location: 2F 2-2: Foul Ball, location: 2F 2-2: Ball 3-2: Foul Ball, location: 2F 3-2: Base on Balls
|
|
Batting: LHB David Cawthon
|
0-0: Ball 1-0: Ball 2-0: Swinging Strike 2-1: Fly out, F8 (Line Drive, 8LM, EV 90.6 MPH)
|
|
Batting: LHB Joe Perna
|
0-0: Foul Ball, location: 2F 0-1: Foul Ball, location: 2F 0-2: DOUBLE (Flyball, 89D, EV 109.4 MPH) Eddie Tanner to third Runner from 3rd tries for Home, SAFE, throw by RF to home
|
|
Batting: LHB Marty Pevey
|
0-0: Called Strike 0-1: Ball 1-1: Ground out 4-3 (Groundball, 4, EV 93.8 MPH)
|
| Bottom of the 4th over - 1 run, 1 hit, 0 errors, 1 left on base; Stockton 9 - Stockton 1 |
| TOP OF THE 5TH |
|
Stockton Ports batting - Pitching for Stockton Mariners : RHP Steve Green
|
|
Batting: LHB Daniel Hoskins
|
0-0: Called Strike 0-1: Swinging Strike 0-2: Foul Ball, location: 2F 0-2: Ball 1-2: Ball 2-2: Strikes out swinging
|
|
Batting: RHB Timothy Presko
|
0-0: Called Strike 0-1: Ground out 6-3 (Groundball, 6, EV 84.4 MPH)
|
|
Batting: RHB Ramon Valdez
|
0-0: Ball 1-0: Swinging Strike 1-1: Called Strike 1-2: Hit by Pitch
|
|
Batting: RHB Pasquale Raimondo
|
0-0: Swinging Strike 0-1: Ball 1-1: Called Strike 1-2: TRIPLE (Line Drive, 9D, EV 110.6 MPH) Ramon Valdez scores
|
|
Batting: LHB Christopher O'Brien
|
0-0: 2-RUN HOME RUN (Flyball, 89XD, EV 96.3 MPH), Distance : 440 ft
|
|
Batting: SHB Tracy Edwards
|
0-0: Ball 1-0: SINGLE (Line Drive, 7S, EV 108.1 MPH)
|
|
Batting: RHB Chris Sabo
|
0-0: Ball 1-0: Fly out, F8 (Flyball, 89M, EV 75.6 MPH)
|
| Top of the 5th over - 3 runs, 3 hits, 0 errors, 1 left on base; Stockton 12 - Stockton 1 |
| BOTTOM OF THE 5TH |
|
Stockton Mariners batting - Pitching for Stockton Ports : RHP Greg Garcia
|
|
Batting: LHB Victor Gavidia
|
0-0: Foul Ball, location: 2F 0-1: Fly out, F7 (Flyball, 7D, EV 91.3 MPH)
|
|
Batting: RHB Frederick Lagergren
|
0-0: Ball 1-0: Ball 2-0: Swinging Strike 2-1: Ball 3-1: Ground out 1-3 (Groundball, 25, EV 63.8 MPH)
|
|
Batting: RHB Brian Greer
|
0-0: Ball 1-0: SINGLE (Groundball, 56D, EV 78.8 MPH) (infield hit)
|
|
Batting: LHB Ricky Nelson
|
0-0: DOUBLE (Line Drive, 9LS, EV 87.5 MPH) Brian Greer to third Runner from 3rd tries for Home, SAFE, throw by RF to trailing runner, SAFE at third!
|
|
Batting: LHB Harold Perkins
|
0-0: SINGLE (Line Drive, 89S, EV 111.3 MPH) Ricky Nelson scores
|
|
Batting: SHB Eddie Tanner
|
0-0: Ball 1-0: Called Strike Harold Perkins is caught stealing 2nd base 2-6
|
| Bottom of the 5th over - 2 runs, 3 hits, 0 errors, 0 left on base; Stockton 12 - Stockton 3 |
| TOP OF THE 6TH |
|
Stockton Ports batting - Pitching for Stockton Mariners : RHP Steve Green
|
|
Batting: SHB Jose Mercado
|
0-0: SOLO HOME RUN (Flyball, 9LD, EV 103.8 MPH), Distance : 361 ft
|
|
Pitching: RHP Dean Martinez
|
|
|
Batting: SHB Mike Hennessy
|
0-0: Swinging Strike 0-1: Foul Ball, location: 2F 0-2: Ground out 5-3 (Groundball, 56S, EV 68.1 MPH)
|
|
Batting: LHB Daniel Hoskins
|
0-0: Foul Ball, location: 2F 0-1: Called Strike 0-2: Strikes out swinging
|
|
Batting: RHB Timothy Presko
|
0-0: Ball 1-0: Ball 2-0: Called Strike 2-1: Ball 3-1: Foul Ball, location: 2F 3-2: Foul Ball, location: 2F 3-2: Foul Ball, location: 2F 3-2: Foul Ball, location: 2F 3-2: Fly out, F4 (Popup, 34S, EV 73.1 MPH)
|
| Top of the 6th over - 1 run, 1 hit, 0 errors, 0 left on base; Stockton 13 - Stockton 3 |
| BOTTOM OF THE 6TH |
|
Stockton Mariners batting - Pitching for Stockton Ports : RHP Greg Garcia
|
|
Batting: SHB Eddie Tanner
|
0-0: Ball 1-0: Ball 2-0: Ground out 4-3 (Groundball, 4, EV 85.0 MPH)
|
|
Batting: LHB David Cawthon
|
0-0: Called Strike 0-1: Swinging Strike 0-2: Strikes out looking
|
|
Batting: LHB Joe Perna
|
0-0: Ball 1-0: Ball 2-0: Ball 3-0: Base on Balls
|
|
Batting: LHB Marty Pevey
|
0-0: Ball 1-0: Swinging Strike Passed Ball! Joe Perna to second 1-1: Ground out U3 (Groundball, 34, EV 101.3 MPH)
|
| Bottom of the 6th over - 0 runs, 0 hits, 0 errors, 1 left on base; Stockton 13 - Stockton 3 |
| TOP OF THE 7TH |
|
Stockton Ports batting - Pitching for Stockton Mariners : RHP Dean Martinez
|
|
Pinch Hitting: RHB Steven Roeder
|
0-0: Called Strike 0-1: Ground out 5-3 (Groundball, 56, EV 103.8 MPH)
|
|
Pinch Hitting: SHB Pete Leppert
|
0-0: Ball 1-0: SINGLE (Groundball, 34D, EV 98.1 MPH)
|
|
Pinch Hitting: RHB Eddie Lee
|
0-0: Called Strike 0-1: Ball 1-1: Ball 2-1: SINGLE (Groundball, 6M, EV 103.8 MPH) (infield hit) Pete Leppert to second
|
|
Batting: SHB Tracy Edwards
|
0-0: Ball 1-0: Ground out 6-3 (Groundball, P, EV 92.5 MPH) Pete Leppert to third Eddie Lee to second
|
|
Batting: RHB Chris Sabo
|
0-0: Foul Ball, location: 2F 0-1: Ball 1-1: Foul Ball, location: 2F 1-2: Ball 2-2: Ground out 6-3 (Groundball, 56, EV 105.6 MPH)
|
| Top of the 7th over - 0 runs, 2 hits, 0 errors, 2 left on base; Stockton 13 - Stockton 3 |
| BOTTOM OF THE 7TH |
|
Stockton Mariners batting - Pitching for Stockton Ports : RHP Greg Garcia
|
|
Now at 1B: Randy Guerra
|
|
|
Now at 2B: Pete Leppert
|
|
|
Now in RF: Eddie Lee
|
|
|
Pinch Hitting: RHB Robert Silverman
|
0-0: Ball 1-0: Ground out 4-3 (Groundball, 34, EV 93.1 MPH)
|
|
Batting: RHB Frederick Lagergren
|
0-0: Ball 1-0: Foul Ball, location: 2F 1-1: Foul Ball, location: 2F 1-2: Ball 2-2: Foul Ball, location: 2F 2-2: Foul Ball, location: 2F 2-2: SINGLE (Groundball, 25, EV 70.0 MPH) (infield hit)
|
|
Batting: RHB Brian Greer
|
0-0: Foul Ball, location: 2F 0-1: Ball 1-1: Fly out, F7 (Flyball, 7LS, EV 76.3 MPH)
|
|
Batting: LHB Ricky Nelson
|
0-0: Called Strike 0-1: Ball 1-1: Foul Ball, location: 2F 1-2: Ball 2-2: Foul Ball, location: 2F 2-2: SINGLE (Flyball, 5D, EV 81.3 MPH) Frederick Lagergren to second
|
|
Batting: LHB Harold Perkins
|
0-0: Ground out 1-3 (Groundball, 34S, EV 72.5 MPH)
|
| Bottom of the 7th over - 0 runs, 2 hits, 0 errors, 2 left on base; Stockton 13 - Stockton 3 |
| TOP OF THE 8TH |
|
Stockton Ports batting - Pitching for Stockton Mariners : RHP Dean Martinez
|
|
Now at 3B: Robert Silverman
|
|
|
Batting: SHB Jose Mercado
|
0-0: Called Strike 0-1: Ball 1-1: Called Strike 1-2: Ground out 4-3 (Groundball, 13, EV 83.8 MPH)
|
|
Batting: SHB Mike Hennessy
|
0-0: Ball 1-0: SINGLE (Line Drive, 9S, EV 110.0 MPH)
|
|
Batting: LHB Daniel Hoskins
|
0-0: Ball 1-0: Fly out, F8 (Flyball, 89M, EV 85.6 MPH)
|
|
Batting: RHB Timothy Presko
|
0-0: Swinging Strike 0-1: Foul Ball, location: 2F 0-2: Reached on error, E5 (Groundball, 56, EV 106.9 MPH) Mike Hennessy to second
|
|
Pinch Hitting: RHB Steve Cordner
|
0-0: Called Strike 0-1: Ball 1-1: Swinging Strike 1-2: Ball 2-2: Ball 3-2: Strikes out swinging
|
| Top of the 8th over - 0 runs, 1 hit, 1 error, 2 left on base; Stockton 13 - Stockton 3 |
| BOTTOM OF THE 8TH |
|
Stockton Mariners batting - Pitching for Stockton Ports : RHP Greg Garcia
|
|
Now at 1B: Steve Cordner
|
|
|
Batting: SHB Eddie Tanner
|
0-0: Ball 1-0: Called Strike 1-1: Swinging Strike 1-2: Foul Ball, location: 2F 1-2: Ground out 3-1 (Groundball, 34, EV 92.5 MPH)
|
|
Pinch Hitting: LHB Duane Evans
|
0-0: Ball 1-0: Foul Ball, location: 2F 1-1: Foul Ball, location: 2F 1-2: Ball 2-2: Ball 3-2: Base on Balls
|
|
Batting: LHB Joe Perna
|
0-0: Foul Ball, location: 2F 0-1: Foul Ball, location: 2F 0-2: Foul Ball, location: 2F 0-2: Ball 1-2: Strikes out swinging
|
|
Batting: LHB Marty Pevey
|
0-0: Called Strike 0-1: Swinging Strike 0-2: Ball 1-2: Foul Ball, location: 2F 1-2: Fly out, F6 (Popup, 6M, EV 80.0 MPH)
|
| Bottom of the 8th over - 0 runs, 0 hits, 0 errors, 1 left on base; Stockton 13 - Stockton 3 |
| TOP OF THE 9TH |
|
Stockton Ports batting - Pitching for Stockton Mariners : RHP Dean Martinez
|
|
Now at 1B: Duane Evans
|
|
|
Batting: SHB Pete Leppert
|
0-0: Swinging Strike 0-1: Ground out 5-3 (Groundball, 56, EV 84.4 MPH)
|
|
Pinch Hitting: RHB Mark Jurena
|
0-0: Ball 1-0: Foul Ball, location: 2F 1-1: Fly out, F8 (Line Drive, 8LM, EV 90.6 MPH)
|
|
Batting: SHB Tracy Edwards
|
0-0: Ball 1-0: Ball 2-0: Called Strike 2-1: SOLO HOME RUN (Flyball, 9D, EV 98.8 MPH), Distance : 393 ft
|
|
Batting: RHB Chris Sabo
|
0-0: Ball 1-0: Foul Ball, location: 2F 1-1: Ball 2-1: Foul Ball, location: 2F 2-2: Fly out, F4 (Popup, 34S, EV 68.8 MPH)
|
| Top of the 9th over - 1 run, 1 hit, 0 errors, 0 left on base; Stockton 14 - Stockton 3 |
| BOTTOM OF THE 9TH |
|
Stockton Mariners batting - Pitching for Stockton Ports : RHP Greg Garcia
|
|
Now in RF: Mark Jurena
|
|
|
Batting: RHB Robert Silverman
|
0-0: Ball 1-0: Ball 2-0: Called Strike 2-1: Ground out 4-3 (Groundball, 34, EV 110.0 MPH)
|
|
Batting: RHB Frederick Lagergren
|
0-0: Foul Ball, location: 2F 0-1: Ball 1-1: Ground out 4-3 (Groundball, 4, EV 84.4 MPH)
|
|
Batting: RHB Brian Greer
|
0-0: Called Strike 0-1: Ball 1-1: Foul Ball, location: 2F 1-2: SINGLE (Line Drive, 8RS, EV 91.3 MPH)
|
|
Batting: LHB Ricky Nelson
|
0-0: Swinging Strike 0-1: Ball 1-1: Foul Ball, location: 2F 1-2: Ball 2-2: Fielders Choice at 2nd, 4-6 (Groundball, 4MD, EV 82.5 MPH)
|
| Bottom of the 9th over - 0 runs, 1 hit, 0 errors, 1 left on base; Stockton 14 - Stockton 3 |
|